 Dungeon Crawl Stone Soup version 0.30.0-13-g156ef70053 (webtiles) character file.

Game seed: 17058042969575548750

14 Frutz the Grasshopper (level 2, 0/26 HPs)
             Began as a Naga Warper on May 17, 2023.
             Killed from afar by a dart slug (5 damage)
             ... with a slug dart
             ... on level 1 of the Dungeon.
             The game lasted 00:03:35 (302 turns).

Frutz the Grasshopper (Naga Warper)                  Turns: 302, Time: 00:03:36

Health: 0/26       AC:  2    Str: 13    XL:     2   Next: 41%
Magic:  5/5        EV:  9    Int: 13    God:
Gold:   2          SH:  0    Dex: 10    Spells: 5/5 levels left

rFire   . . .        a - +0 falchion
rCold   . . .        (no shield)
rNeg    . . .        b - +0 leather armour
rPois   +            (no helmet)
rElec   .            (no cloak)
rCorr   .            (no gloves)
SInv    +            (no barding)
Will    .....        (no amulet)
Stlth   +            (no ring)
HPRegen 0.24/turn    (no ring)
MPRegen 0.09/turn

%: no passive effects
@: very slow
A: AC +0, large, see invisible, deformed body, poison resistance, slowness 2,
spit poison 1, naga tail 1
a: Spit Poison


You were on level 1 of the Dungeon.
You visited 1 branch of the dungeon, and saw 1 of its levels.

You collected 2 gold pieces.

Inventory:

Hand Weapons
 a - a +0 falchion (weapon)
Missiles
 d - 7 boomerangs of dispersal (quivered)
 j - 2 atropa-tipped darts
Armour
 b - a +0 leather armour (worn)
Jewellery
 e - a +4 ring of protection
 h - a ring of positive energy
Scrolls
 c - a scroll of blinking
 f - 3 scrolls of vulnerability {unknown}
 i - a scroll of identify {unknown}
Potions
 g - a potion of lignification {unknown}


   Skills:
 + Level 2.0 Fighting
 + Level 2.0 Long Blades
 + Level 0.8 Throwing
 + Level 0.8 Armour
 + Level 1.9 Dodging
 + Level 2.1 Spellcasting
 + Level 3.3 Translocations


You had 5 spell levels left.
You didn't know any spells.
Your spell library contained the following spells:

 Spells                   Type           Power      Damage    Failure   Level
 Blink                    Tloc           20%        N/A       12%         2
 Lesser Beckoning         Tloc           20%        N/A       12%         2
 Teleport Other           Tloc           10%        N/A       24%         3
 Vhi's Electric Charge    Tloc/Air       10%        N/A       43%         3
 Manifold Assault         Tloc           10%        N/A       63%         4


Dungeon Overview and Level Annotations

Branches:
Dungeon (1/15)

Altars:


Innate Abilities, Weirdness & Mutations

Your serpentine skin is tough. (AC +0)
You have supernaturally acute eyesight. (SInv)
Armour fits poorly on your strangely shaped body.
Your system is resistant to poisons. (rPois)
You cover ground very slowly.
You can spit poison.
You have a snake-like lower body.


Message History

The quokka twitches its whiskers.
A hobgoblin comes into view.
The ball python bites you.
You barely miss the ball python. Your punch misses the ball python.
The ball python bites you.
You hit the ball python.
You kill the ball python!
The hobgoblin hits you. x2
You barely miss the hobgoblin. The quokka bites you. The hobgoblin hits you.
You hit the hobgoblin.
The hobgoblin is almost dead.
The quokka bites you. The hobgoblin closely misses you.
The quokka bites you but does no damage.
You slash the hobgoblin!
You kill the hobgoblin!
The quokka barely misses you.
You hit the quokka.
You kill the quokka!
A dart slug comes into view.
Found a scroll labelled IDOUCK VAOC.
The dart slug launches a dart at you. The slug dart hits you.
* * * LOW HITPOINT WARNING * * *
You start resting.
A dart slug is nearby!
The dart slug launches a dart at you. The slug dart hits you.
You hit the dart slug but do no damage. The dart slug launches a dart at you.
The slug dart hits you.
* * * LOW HITPOINT WARNING * * *
You hit the dart slug.
The dart slug is lightly wounded.
The dart slug launches a dart at you. The slug dart misses you.
You hit the dart slug.
The dart slug is heavily wounded.
The dart slug launches a dart at you. The slug dart hits you.
You die...

....#.#.##.#....#....# #...
....#...........#....# #...
....................## #...
#...#.#....#..#############
......#....#..# ###..##
#....##.#..# ##.#...##
##+#....##.#..# ##.......##
..............###.........#
....#+#†.#@#..##....~~~....
.... #..w...)#....~...~...
... #.....#......~.<.~...
## ........# #....~...~.†.
............##....~~~...†
?............###.........#
....##.......# ##.......##
.... #.###.#.# ##.....##
... #.. ...# ###..##


You could see a dart slug.

Vanquished Creatures
  2 dart slugs (D:1)
  A ball python (D:1)
  An endoplasm (D:1)
  A hobgoblin (D:1)
  A quokka (D:1)
  3 bats (D:1)
  A rat (D:1)
10 creatures vanquished.

Notes
Turn   | Place    | Note
-------+----------+-------------------------------------------
     0 | D:1      | Frutz the Naga Warper began the quest for the Orb.
     0 | D:1      | Reached XP level 1. HP: 19/19 MP: 3/3
   222 | D:1      | Reached XP level 2. HP: 24/26 MP: 5/5
   302 | D:1      | Killed from afar by a dart slug

Illustrated notes

Levels and vault maps discovered:
D:1:      enne_arrival_octagon_isle, layout_basic

Action                     || total
---------------------------++-------
  Melee: Falchion          ||    35
 Armour: Leather armour    ||    16
  Dodge: Dodged            ||    25
